 Dungeon Crawl Stone Soup version 0.19.0-9-gfd783f2 (webtiles) character file.

61 tv1990 the Bolt Thrower (level 4, 0/32 HPs)
             Began as a Formicid Arcane Marksman on Nov 7, 2016.
             Slain by a gnoll (5 damage)
             ... on level 2 of the Dungeon.
             The game lasted 00:03:35 (1418 turns).

tv1990 the Bolt Thrower (Formicid Arcane Marksman)  Turns: 1418, Time: 00:03:36

Health: 0/32       AC:  6    Str: 16    XL:     4   Next: 27%
Magic:  5/5        EV:  9    Int: 12    God:
Gold:   41         SH:  0    Dex: 11    Spells: 1 memorised, 4 levels left

rFire  . . .     SeeInvis +     a - +0 hand crossbow
rCold  . . .     Gourm    .     j - -1 scale mail (curse)
rNeg   . . .     Faith    .     (no shield)
rPois  .         Spirit   .     (helmet unavailable)
rElec  .         Reflect  .     (no cloak)
rCorr  .         Harm     .     l - +0 pair of gloves
MR     .....                    (no boots)
Stlth  ..........               (no amulet)
                                (no ring)
                                (no ring)

@: no status effects
A: permanent stasis, dig shafts and tunnels, four strong arms, antennae 3
a: Dig, Shaft Self


You were on level 2 of the Dungeon.
You were hungry.

You visited 1 branch of the dungeon, and saw 2 of its levels.

You collected 41 gold pieces.

Inventory:

Hand Weapons
 a - a +0 hand crossbow (weapon)
 b - a +0 long sword
 o - a +0 hand axe
Missiles
 d - 13 bolts (quivered)
Armour
 e - a +0 robe
 j - a cursed -1 scale mail (worn)
 l - a +0 pair of gloves (worn)
 p - a +0 leather armour
Scrolls
 i - a scroll of remove curse
Potions
 m - a potion of haste
 n - a potion of might {unknown}
Books
 c - a book of Debilitation

   Spells                             Type                      Level
   a - Corona                         Hexes                        1
   b - Slow                           Hexes                        2
   c - Gell's Gravitas                Hexes/Translocation          3
   d - Inner Flame                    Hexes/Fire                   3
   e - Cause Fear                     Hexes                        4
   f - Leda's Liquefaction            Hexes/Earth                  4
Comestibles
 f - a bread ration
 g - a slice of pizza
 h - a meat ration
 k - a beef jerky


   Skills:
 - Level 1.1 Fighting
 + Level 4.2 Crossbows
 - Level 1.7 Dodging
 - Level 1.1 Spellcasting
 - Level 3.6 Hexes


You had 4 spell levels left.
You knew the following spells:

 Your Spells              Type           Power        Failure   Level  Hunger
a - Corona                Hex            #......      30%         1    ##.....


Dungeon Overview and Level Annotations

Branches:
Dungeon (2/15)

Altars:


Innate Abilities, Weirdness & Mutations

You are under a permanent stasis effect.
You can dig through walls and to a lower floor.
Your four strong arms can wield two-handed weapons with a shield.
You have a pair of large antennae on your head. (SInv)


Message History

You kill the hobgoblin!
Firing (i - inventory):
d - 16 bolts (quivered)
Press: ? - help, Shift-Dir - straight line, f - gnoll
Aim: a gnoll, wielding a spear You shoot a bolt.
The bolt hits the gnoll!
You kill the gnoll!
Firing (i - inventory):
d - 15 bolts (quivered)
Press: ? - help, Shift-Dir - straight line, f - gnoll
Aim: a gnoll You shoot a bolt.
The bolt hits the gnoll!
The gnoll is severely wounded.
The gnoll hits you.
* * * LOW HITPOINT WARNING * * *
Firing (i - inventory):
d - 14 bolts (quivered)
Press: ? - help, Shift-Dir - straight line, f/p - gnoll
Aim: a gnoll (severely wounded)
You shoot a bolt. The bolt hits the gnoll.
The gnoll is almost dead.
The gnoll barely misses you. The gnoll hits you.
You die...

.######.#...##......#####......
... ..#.#.........# ##.......
.# ..#.#......>..###........
#.#..........###.........
#.#...#.##.#.##..g.......
##.#####.##....#..g.....w.
#....#...#####.#.......#.
#..#.#.#######.'........#
######..#.#.# #@#{.'.g......#
.#......#...# ##g###.......#..
.#.####.##### ### #..........
.#.####'### #..........
..........# ##.........
......(...# ##........
..........###### #......
.#.###.......(.# #....
####...........####


You could see a gnoll.

Vanquished Creatures
  An adder (D:2)
  2 gnolls (D:2)
  5 bats
  3 giant cockroaches
  7 goblins
  6 hobgoblins
  2 quokkas (D:2)
  A frilled lizard (D:1)
  A kobold (D:1)
  A rat (D:1)
29 creatures vanquished.

Notes
Turn   | Place    | Note
-------+----------+-------------------------------------------
     0 | D:1      | tv1990 the Formicid Arcane Marksman began the quest for the Orb.
     0 | D:1      | Reached XP level 1. HP: 15/15 MP: 2/2
   140 | D:1      | Reached XP level 2. HP: 21/21 MP: 3/3
   364 | D:1      | Reached skill level 3 in Crossbows
   625 | D:1      | Reached XP level 3. HP: 11/26 MP: 4/4
  1411 | D:2      | Reached skill level 4 in Crossbows
  1411 | D:2      | Reached XP level 4. HP: 10/32 MP: 5/5
  1418 | D:2      | Slain by a gnoll

Skill      XL: |  1  2  3 |
---------------+----------+-----
Crossbows      | 3 4 |  4.2
Fighting       | |  1.1
Dodging        | |  1.7
Spellcasting   | |  1.1
Hexes          | |  3.6

Action                   |  1- 3 |  4- 6 || total
-------------------------+-------+-------++-------
Melee: Unarmed           |    81 |       ||    81
       Long sword        |    28 |       ||    28
       Hand axe          |    12 |       ||    12
 Fire: Hand crossbow     |    21 |     6 ||    27
 Abil: Dig               |     3 |       ||     3
  Use: Scroll            |     5 |       ||     5
  Eat: Chunk             |     2 |       ||     2
Armor: Robe              |    51 |       ||    51
       Leather armour    |    15 |       ||    15
       Scale mail        |     5 |     1 ||     6
Dodge: Dodged            |   103 |     2 ||   105
       Rpst.: Long sword |     8 |       ||     8

Table legend:
 A = Turns spent in this place as a percentage of turns spent in the entire game.
 B = Non-inter-level travel turns spent in this place as a percentage of non-inter-level travel turns spent in the entire game.
 C = Inter-level travel turns spent in this place as a percentage of turns spent in this place.
 D = Turns resting spent in this place as a percentage of non-inter-level travel turns spent in this place.
 E = Turns spent auto-exploring this place as a percentage of non-inter-level travel turns spent in this place.
 F = Non-inter-level travel turns spent in this place divided by the number of levels of this place that you've seen.
                   A       B       C       D       E      F
               +-------+-------+-------+-------+-------+----------------------
         Total | 100.0 | 100.0 |   0.5 |   2.0 |  15.0 | 199.5
       Dungeon | 100.0 | 100.0 |   0.5 |   2.0 |  15.0 | 199.5
               +-------+-------+-------+-------+-------+----------------------

Table legend:
 A = Kills in this place as a percentage of kills in entire the game.
 B = Kills by you in this place as a percentage of kills by you in the entire game.
 C = Kills by friends in this place as a percentage of kills by friends in the entire game.
 D = Other kills in this place as a percentage of other kills in the entire game.
 E = Experience gained in this place as a percentage of experience gained in the entire game.
 F = Experience gained in this place divided by the number of levels of this place that you have seen.
                   A       B       C       D       E      F
               +-------+-------+-------+-------+-------+----------------------
         Total | 100.0 | 100.0 |  -nan |  -nan | 100.0 |  44.0
       Dungeon | 100.0 | 100.0 |  -nan |  -nan | 100.0 |  44.0
               +-------+-------+-------+-------+-------+----------------------

Vault maps used:
D:1:      grunt_arrival_crossed_arrows
D:2:      kennysheep_big_flooded_room, first_bread
